 Dungeon Crawl Stone Soup version 0.25-a0-713-g4845790874 (webtiles) character file.

Game seed: 2645371338297793592, levelgen mode: deterministic

357 sevenfields the Chiller (level 6, -5/47 HPs)
             Began as a Demonspawn Ice Elementalist on Apr 4, 2020.
             Slain by an ice beast (12 damage)
             ... on level 5 of the Dungeon.
             The game lasted 00:18:50 (4524 turns).

sevenfields the Chiller (DsIE)                      Turns: 4524, Time: 00:18:52

Health: -5/47      AC: 13    Str:  9    XL:     6   Next: 37%
Magic:  12/12      EV: 12    Int: 18    God:
Gold:   176        SH:  3    Dex: 13    Spells: 2/13 levels left

rFire    . . .     SeeInvis +   l - +1 mace (protect)
rCold    . . .     Gourm    .   (no shield)
rNeg     . . .     Faith    .   a - +0 robe
rPois    .         Spirit   .   i - +0 helmet
rElec    .         Reflect  +   (no cloak)
rCorr    .         Harm     .   (no gloves)
MR       .....                  (no boots)
Stlth    ++........             g - +3 amulet of reflection
HPRegen  0.15/turn              (no ring)
MPRegen  0.13/turn              (no ring)

@: protection aura
A: thin metallic scales 1, see invisible, powered by death 1, powered by pain 1,
shaggy fur 1
a: no special abilities


You were on level 5 of the Dungeon.
You were hungry.

You visited 1 branch of the dungeon, and saw 5 of its levels.

You collected 176 gold pieces.

Inventory:

Hand Weapons
 l - a +1 mace of protection (weapon)
Armour
 a - a +0 robe (worn)
 i - a +0 helmet (worn)
Jewellery
 g - a +3 amulet of reflection (around neck)
Scrolls
 d - 3 scrolls of teleportation
 e - a scroll of remove curse
 h - 2 scrolls of identify
 m - 2 scrolls of enchant armour {unknown}
 n - a scroll of magic mapping {unknown}
 o - a scroll of immolation {unknown}
Potions
 b - a potion of mutation
 f - 3 potions of might
 j - a potion of flight {unknown}
 k - a potion of heal wounds {unknown}
Comestibles
 c - 5 rations


   Skills:
 + Level 3.3 Fighting
 - Level 1.7 Dodging
 - Level 1.7 Stealth
 + Level 4.2 Spellcasting
 + Level 0.0 Summonings
 + Level 4.9 Ice Magic


You had 2 spell levels left.
You knew the following spells:

 Your Spells              Type           Power        Failure   Level  Hunger
a - Freeze                Ice            ###.         1%          1    None
b - Frozen Ramparts       Ice            ###...       6%          3    ###....
c - Ozocubu's Armour      Chrm/Ice       ##......     16%         3    ###....
d - Summon Ice Beast      Ice/Summ       ##......     45%         4    ####...

Your spell library contained the following spells:

 Spells                   Type           Power        Failure   Level  Hunger
 Hailstorm                Conj/Ice       ##......     45%         4    ####...


Dungeon Overview and Level Annotations

Branches:
Dungeon (5/15)
 Temple: D:4-7

Altars:

Shops:
D:4 [


Innate Abilities, Weirdness & Mutations

You are partially covered in thin metallic scales. (AC +2)
You regenerate a little health from kills.
You sometimes gain a little power by taking damage.
You have supernaturally acute eyesight. (SInv)
You are covered in fur. (AC +1)


Message History

You thump the ice beast!
Your weapon exudes an aura of protection.
The ice beast is severely wounded.
The ice beast hits you but does no damage.
Your ice beast barely misses the ice beast.
The ice beast hits you but does no damage.
Your ice beast barely misses the ice beast.
The ice beast hits your ice beast. The ice beast freezes your ice beast.
Your ice beast completely resists.
Your magical contamination has completely faded away.
Your ice beast hits the ice beast but does no damage.
The ice beast hits your ice beast. The ice beast freezes your ice beast.
Your ice beast completely resists.
You hit the ice beast but do no damage.
The ice beast is severely wounded.
Your ice beast hits the ice beast.
Your ice beast freezes the ice beast.
The ice beast completely resists.
The ice beast hits you.
* * * LOW HITPOINT WARNING * * *
The ice beast freezes you!
You die...

.##.#..
......
#....
#>#.#
###.#.###
.......
#.#.##
#.Y..##
#@Y...#.#
#...<...#
###.#####
#.# #.#
#'# #...#
#.....#
#...../.#


You could see an ice beast and a friendly ice beast.

Vanquished Creatures
  A scorpion (D:4)
  A hound (D:4)
  3 orc wizards (D:4)
  3 worker ants (D:4)
  5 adders
  2 adder skeletons (D:4)
  2 worms
  2 leopard geckos
  4 orcs (D:4)
  2 ball pythons
  8 bats
  3 giant cockroaches
  5 goblins
  5 hobgoblins
  8 jackals
  A quokka (D:4)
  8 frilled lizards
  8 kobolds
  A quokka skeleton (D:3)
  3 rats
75 creatures vanquished.

Notes
Turn   | Place    | Note
-------+----------+-------------------------------------------
     0 | D:1      | sevenfields the Demonspawn Ice Elementalist began the quest
                  | for the Orb.
     0 | D:1      | Reached XP level 1. HP: 13/13 MP: 3/3
    85 | D:1      | Gained mutation: You sometimes gain a little power by
                  | taking damage. [demonic ancestry]
    85 | D:1      | Reached XP level 2. HP: 9/20 MP: 0/5
   762 | D:2      | Reached skill level 1 in Fighting
   868 | D:2      | Gained mutation: You are partially covered in thin metallic
                  | scales. (AC +2) [demonic ancestry]
   868 | D:2      | Reached XP level 3. HP: 15/26 MP: 5/7
  1843 | D:2      | Gained mutation: You are covered in fur. (AC +1) [potion of
                  | mutation]
  1843 | D:2      | Gained mutation: You have supernaturally acute eyesight.
                  | (SInv) [potion of mutation]
  1938 | D:3      | Noticed a two-headed ogre
  2133 | D:2      | Learned a level 3 spell: Frozen Ramparts
  2282 | D:3      | Learned a level 3 spell: Ozocubu's Armour
  3010 | D:3      | Reached XP level 4. HP: 30/32 MP: 5/8
  3170 | D:3      | Found a faded altar of an unknown god.
  3468 | D:4      | Reached XP level 5. HP: 34/38 MP: 4/10
  3477 | D:4      | Found Xydi's Armour Shop.
  3845 | D:4      | Gained mutation: You regenerate a little health from kills.
                  | [demonic ancestry]
  3845 | D:4      | Reached XP level 6. HP: 42/47 MP: 4/12
  4473 | D:4      | Learned a level 4 spell: Summon Ice Beast
  4479 | D:5      | Entered Level 5 of the Dungeon
  4483 | D:5      | Noticed an ice beast
  4524 | D:5      | Slain by an ice beast

Levels and vault maps discovered:
D:1:      wander_arrival_fairy_ring, layout_rooms
D:2:      layout_rooms, grunt_decor_resistance
D:3:      layout_basic, chequers_ecumenical_altar_simple_redux
D:4:      minmay_evil_eye, layout_cave_pools, serial_shops, shop
D:5:      layout_loops_corners, first_ration, chequers_serial_rivers_micro_b,
          nicolae_qazlal_eye_of_the_storm

Skill      XL: |  1  2  3  4  5 |
---------------+----------------+-----
Fighting       | 1 2 3 |  3.3
Spellcasting   | 3 4 |  4.2
Ice Magic      | 4 |  4.9
Dodging        | |  1.7
Stealth        | |  1.7

Action                   |  1- 3 |  4- 6 || total
-------------------------+-------+-------++-------
Melee: Spear             |     8 |       ||     8
       Short sword       |    90 |    27 ||   117
       Mace              |       |    35 ||    35
 Cast: Freeze            |    37 |    25 ||    62
       Frozen Ramparts   |     2 |     7 ||     9
       Ozocubu's Armour  |       |     1 ||     1
       Summon Ice Beast  |       |     2 ||     2
  Use: Scroll            |     5 |       ||     5
       Potion            |     3 |       ||     3
 Stab: Sleeping          |     2 |     1 ||     3
  Eat: Chunk             |     4 |     5 ||     9
       Ration            |     1 |       ||     1
Armor: Robe              |    30 |    45 ||    75
Dodge: Dodged            |    81 |    67 ||   148
Block: Other             |       |    11 ||    11

Table legend:
 A = Non-vault XP
 B = Vault XP
 C = Vault XP percentage of total XP
 D = Non-vault monster count
 E = Vault monster count
 F = Vault count percentage of total count
                 A         B        C        D         E       F
            +---------+---------+-------+---------+---------+-------
      Total |     400 |     111 |  21.7 |      72 |       3 |   4.0
            +---------+---------+-------+---------+---------+-------
        D:1 |      24 |       0 |   0.0 |      15 |       0 |   0.0
        D:2 |      48 |       0 |   0.0 |      20 |       0 |   0.0
        D:3 |      36 |       0 |   0.0 |      17 |       0 |   0.0
        D:4 |     292 |     111 |  27.5 |      20 |       3 |  13.0
            +---------+---------+-------+---------+---------+-------
